 Dungeon Crawl Stone Soup version 0.22-a0-149-g870e420 (webtiles) character file.

53 KristoblXynda the Slasher (level 3, -5/29 HPs)
             Began as a Draconian Gladiator on Feb 7, 2018.
             Slain by a gnoll
             ... wielding a +0 halberd
              (10 damage)
             ... on level 2 of the Dungeon.
             The game lasted 00:02:16 (1040 turns).

KristoblXynda the Slasher (Draconian Gladiator)     Turns: 1040, Time: 00:02:16

Health: -5/29      AC:  5    Str: 16    XL:     3   Next: 64%
Magic:  3/3        EV: 16    Int:  9    God:
Gold:   119        SH:  0    Dex: 12    Spells: 2/2 levels left

rFire    . . .     SeeInvis .   a - +0 long sword
rCold    . . .     Gourm    .   (no shield)
rNeg     . . .     Faith    .   (armour unavailable)
rPois    .         Spirit   .   b - +0 hat
rElec    .         Reflect  .   (no cloak)
rCorr    .         Harm     .   (no gloves)
MR       .....                  (no boots)
Stlth    +.........             (no amulet)
HPRegen  0.09/turn              m - +3 ring of evasion
MPRegen  0.08/turn              (no ring)

@: no status effects
A: unfitting armour, cold-blooded, AC +5
a: no special abilities


You were on level 2 of the Dungeon.
You were not hungry.

You visited 1 branch of the dungeon, and saw 2 of its levels.

You collected 119 gold pieces.

Inventory:

Hand Weapons
 a - a +0 long sword (weapon)
Missiles
 c - 3 throwing nets (quivered)
Armour
 b - a +0 hat (worn)
Jewellery
 m - a +3 ring of evasion (left hand)
Scrolls
 e - a scroll of identify {unknown}
 g - 2 scrolls of fog {unknown}
 k - a scroll of enchant armour {unknown}
 l - a scroll of noise {unknown}
Potions
 f - a potion of haste
 h - a potion of flight {unknown}
 i - a potion of curing {unknown}
 j - a potion of brilliance {unknown}
Comestibles
 d - 2 rations


   Skills:
 - Level 2.1 Fighting
 * Level 4.0 Long Blades
 - Level 2.0 Throwing
 + Level 3.2 Dodging


You had 2 spell levels left.
You didn't know any spells.

Dungeon Overview and Level Annotations

Branches:
Dungeon (2/15)

Altars:


Innate Abilities, Weirdness & Mutations

Your plain brown scales are hard. (AC +5)
You cannot fit into any form of body armour.
You are cold-blooded and may be slowed by cold attacks.


Message History

You tail-slap the gnoll.
The gnoll is moderately wounded.
You closely miss the gnoll.
Your tail-slap misses the gnoll.
The gnoll is moderately wounded.
The gnoll hits you with a flail!
You completely miss the gnoll.
The gnoll is moderately wounded.
The gnoll barely misses you.
You hit the gnoll.
The gnoll is heavily wounded.
The gnoll hits you with a flail.
You barely miss the gnoll.
The gnoll is heavily wounded.
The gnoll shouts!
The gnoll closely misses you. The gnoll hits you with a flail!
* * * LOW HITPOINT WARNING * * *
You hit the gnoll.
The gnoll is heavily wounded.
The gnoll hits you from afar with a halberd!
You die...

########## ##........#
#..######.# #... ##.## #.# .#
#...# #..# #.# ..###...# ####.##
#.##### #..##...###.@..# #†.....
#......##.g#### #......
######......##g## #.<....
...##...#.......###########......
†...#......................gg....
.......##....##############......
).....######.# #.g.... .....##
#.# ####...... ...).# #####.#
#.......##


You could see 2 gnolls.

Vanquished Creatures
  An adder (D:2)
  2 worms (D:2)
  A dart slug (D:1)
  A leopard gecko (D:2)
  9 bats
  A giant cockroach (D:1)
  4 goblins
  8 hobgoblins (D:1)
  4 kobolds
  2 frilled lizards
  A rat (D:1)
34 creatures vanquished.

Notes
Turn   | Place    | Note
-------+----------+-------------------------------------------
     0 | D:1      | KristoblXynda the Draconian Gladiator began the quest for the Orb.
     0 | D:1      | Reached XP level 1. HP: 17/17 MP: 1/1
   123 | D:1      | Reached XP level 2. HP: 14/24 MP: 2/2
   694 | D:1      | Reached XP level 3. HP: 22/29 MP: 3/3
   826 | D:2      | Reached skill level 4 in Long Blades
  1040 | D:2      | Slain by a gnoll

Vault maps used:
D:1:      mrwooster_arrival_statue_3

Skill      XL: |  1  2  3 |
---------------+----------+-----
Throwing       | 2 |  2.0
Dodging        | 3 |  3.2
Long Blades    | 4 |  4.0
Fighting       | |  2.1

Action                   || total
-------------------------++-------
Melee: Long sword        ||    92
       Tailslap          ||    15
  Eat: Chunk             ||     1
Armor: Skin              ||    44
Dodge: Dodged            ||   107
       Rpst.: Long sword ||    35

Table legend:
 A = Spawn XP
 B = Non-spawn XP
 C = Spawn XP percentage of total XP
 D = Spawn monster count
 E = Non-spawn monster count
 F = Spawn count percentage of total count
 G = Total turns spent on level
                    A         B        C        D         E        F      G
               +---------+---------+-------+---------+---------+-------+---------
         Total |       0 |      77 |   0.0 |       0 |      34 |   0.0 |  1040
               +---------+---------+-------+---------+---------+-------+---------
           D:1 |       0 |      44 |   0.0 |       0 |      25 |   0.0 |   784
           D:2 |       0 |      33 |   0.0 |       0 |       9 |   0.0 |   256
               +---------+---------+-------+---------+---------+-------+---------
